 Dungeon Crawl Stone Soup version 0.30.0-2-g1aa4bd4387 (webtiles) character file.

Game seed: 8161928638042781152

706 wpisznazwe the Slasher (level 7, -21/38 HPs)
             Began as a Vine Stalker Warper on May 7, 2023.
             Was a Priest of Qazlal.
             Demolished by an ogre
             ... wielding a +0 giant spiked club
              (29 damage)
             ... on level 5 of the Dungeon.
             The game lasted 00:13:50 (4544 turns).

wpisznazwe the Slasher (Vine Stalker Warper)        Turns: 4544, Time: 00:13:51

Health: -21/38     AC:  7    Str: 14    XL:     7   Next: 67%
Magic:  0/11       EV: 12    Int: 13    God:    Qazlal [***...]
Gold:   205        SH:  3    Dex: 15    Spells: 1/11 levels left

rFire   . . .        a - +0 falchion
rCold   . . .        (no shield)
rNeg    . . .        w - +0 leather armour
rPois   .            (no helmet)
rElec   .            x - +2 cloak {Will+}
rCorr   .            (no gloves)
SInv    .            m - +0 pair of boots
Will    +....        (no amulet)
Stlth   +            (no ring)
HPRegen 1.06/turn    (no ring)
MPRegen 0.12/turn

%: guardian spirit
@: no status effects
A: fangs 2, regeneration 1, magic shield, antimagic bite, no potion heal 2
a: Renounce Religion, Upheaval, Elemental Force


You were on level 5 of the Dungeon.
You worshipped Qazlal.
Qazlal was most pleased with you.
You visited 1 branch of the dungeon, and saw 5 of its levels.

You collected 205 gold pieces.

Inventory:

Hand Weapons
 a - a +0 falchion (weapon)
Missiles
 b - a boomerang of dispersal
 t - 8 poisoned darts (quivered)
 v - 5 boomerangs
Armour
 d - a +0 cloak
 l - a +0 ring mail
 m - a +0 pair of boots (worn)
 w - a +0 leather armour (worn)
 x - a +2 cloak of willpower (worn)
Jewellery
 r - a +6 ring of intelligence
Wands
 q - a wand of polymorph (8)
 A - a wand of acid (5)
Scrolls
 c - a scroll of magic mapping {unknown}
 g - a scroll of poison {unknown}
 i - a scroll of enchant weapon {unknown}
 k - a scroll of vulnerability {unknown}
 n - a scroll of blinking
 p - a scroll of immolation {unknown}
 s - 2 scrolls of fear {unknown}
 u - 2 scrolls of teleportation {unknown}
 y - a scroll of enchant armour {unknown}
Potions
 e - 2 potions of might {unknown}
 f - a potion of brilliance {unknown}
 h - 2 potions of attraction {unknown}
 j - 4 potions of curing {unknown}
 o - a potion of resistance {unknown}
 z - a potion of heal wounds {unknown}


   Skills:
 * Level 4.8 Fighting
 + Level 5.2 Long Blades
 - Level 0.8 Throwing
 - Level 0.7 Armour
 - Level 2.1 Dodging
 + Level 1.1 Shields
 + Level 2.5 Spellcasting
 + Level 3.6 Translocations


You had one spell level left.
You knew the following spells:

 Your Spells              Type           Power      Damage    Failure   Level
a - Blink                 Tloc           22%        N/A       11%         2
b - Teleport Other        Tloc           11%        N/A       21%         3
c - Lesser Beckoning      Tloc           22%        N/A       11%         2
d - Vhi's Electric Charg  Tloc/Air       12%        N/A       41%         3

Your spell library contained the following spells:

 Spells                   Type           Power      Damage    Failure   Level
 Manifold Assault         Tloc           11%        N/A       56%         4
 Ozocubu's Armour         Ice            1%         N/A       67%         3
 Stone Arrow              Conj/Erth      2%         3d7       67%         3
 Animate Armour           Summ/Erth      2%         N/A       97%         4
 Ozocubu's Refrigeration  Ice            0%         4d7       100%        7
 Lehudib's Crystal Spear  Conj/Erth      0%         10d2      100%        8


Dungeon Overview and Level Annotations

Branches:
Dungeon (5/15)
 Temple: D:4-7

Altars:
Okawaru
Qazlal
Xom


Innate Abilities, Weirdness & Mutations

You have extremely sharp teeth.
Your natural rate of healing is unusually fast.
When hurt, damage is shared between your health and your magic reserves.
Your bite disrupts and absorbs the magic of your enemies.
Potions cannot restore your health.


Message History

You see here the goblin corpse of Ijyb.
You are no longer corroded.
A - a wand of acid (5)
Things that are here:
a +0 club; a +0 leather armour The ogre closely misses you.
You hit the ogre but do no damage. You hit the ogre. You bite the ogre.
You drain its power.
You feel invigorated.
The ogre is lightly wounded.
The ogre hits you with a +0 giant spiked club!
You barely miss the ogre. You bite the ogre. You drain its power.
You feel invigorated.
The ogre is moderately wounded.
The ogre closely misses you.
You slash the ogre! You bite the ogre. You drain its power.
You feel invigorated.
The ogre is almost dead.
You hit the ogre. You bite the ogre, but do no damage.
The ogre is almost dead.
The ogre hits you with a +0 giant spiked club!!
You barely miss the ogre. You bite the ogre. You drain its power.
You feel invigorated.
The ogre is almost dead.
You block the ogre's attack.
Unknown command.
The ogre attacks as you move away! The ogre barely misses you.
Throw: 9 darts (poison)
Press: ? - help, Q - select action, (/) - cycle Shift-Dir - straight line, f - ogre
Aim: an ogre, wielding a +0 giant spiked club (almost dead, 75% to hit)
You throw a poisoned dart. The poisoned dart hits the ogre.
The ogre is poisoned.
The ogre is almost dead.
The ogre attacks as you move away!
The ogre hits you with a +0 giant spiked club!!
* * * LOW HITPOINT WARNING * * *
Unknown command.
The ogre attacks as you move away!
The ogre hits you with a +0 giant spiked club!!
Ouch! That really hurt!
You die...

~~≈≈≈≈≈≈~P~~P~~♣♣P..#.#
~~~≈≈~~~≈~~~~~~♣♣##...#
P~≈≈~~♣~~~P~♣P♣ ###.##
~~~O~~~~~~~♣~P# #..###
♣~♣~~~♣~♣♣#### ##...#
♣~♣♣~..# ###.# #...)..#
#.. ##...(.†# ###
#....O@.# # #.......#
#......♣♣.♣♣## #.####♣
♣~~♣ P~♣♣ ..# ♣~~♣
#.... ♣.~P #. ...~ ##
~~.~


You could see an ogre (poisoned).

Vanquished Creatures
  A sky beast (D:4)
  A phantom (D:4)
  A scorpion (D:5)
  A hound (D:3)
  3 orc priests
  Crazy Yiuf (D:2)
  Natasha (D:2)
  3 iguanas
  2 orc wizards
  3 gnolls
  5 adders
  2 worms
  A dart slug (D:1)
  23 orcs
  7 endoplasms
  A giant cockroach (D:4)
  6 goblins
  4 hobgoblins
  2 jackals (D:5)
  8 quokkas
  8 ball pythons
  2 bats
  A frilled lizard (D:2)
  5 kobolds
  5 rats
97 creatures vanquished.

Vanquished Creatures (others)
  23 plants (D:5)
23 creatures vanquished.

Grand Total: 120 creatures vanquished

Notes
Turn   | Place    | Note
-------+----------+-------------------------------------------
     0 | D:1      | wpisznazwe the Vine Stalker Warper began the quest for the
                  | Orb.
     0 | D:1      | Reached XP level 1. HP: 11/11 MP: 4/4
    65 | D:1      | Reached XP level 2. HP: 12/15 MP: 3/6
   264 | D:1      | Found a faded altar of an unknown god.
   540 | D:1      | Prayed at the altar of an unknown god.
   540 | D:1      | Became a worshipper of Qazlal Stormbringer
   540 | D:1      | Reached * piety under Qazlal
   565 | D:2      | Found a shimmering altar of Xom.
   567 | D:2      | Reached skill level 2 in Long Blades
   669 | D:2      | Reached XP level 3. HP: 11/18 MP: 5/7
   672 | D:2      | Learned a level 2 spell: Blink
   676 | D:2      | Learned a level 3 spell: Teleport Other
  1015 | D:2      | Noticed Natasha
  1044 | D:2      | Killed Natasha
  1045 | D:2      | Gained mutation: Your natural rate of healing is unusually
                  | fast. [Vine Stalker growth]
  1045 | D:2      | Reached XP level 4. HP: 4/23 MP: 1/8
  1241 | D:2      | Found a runed translucent door.
  1242 | D:2      | Noticed Crazy Yiuf
  1711 | D:2      | Killed Crazy Yiuf
  1942 | D:3      | Reached skill level 3 in Long Blades
  2224 | D:2      | Reached XP level 5. HP: 26/27 MP: 9/9
  2980 | D:4      | Reached ** piety under Qazlal
  3297 | D:4      | Reached XP level 6. HP: 30/32 MP: 7/10
  3323 | D:4      | Noticed a sky beast
  3354 | D:4      | Learned a level 2 spell: Lesser Beckoning
  3358 | D:4      | Learned a level 3 spell: Vhi's Electric Charge
  3682 | D:4      | Reached skill level 4 in Long Blades
  3702 | D:4      | Reached XP level 7. HP: 25/37 MP: 9/11
  4088 | D:5      | Entered Level 5 of the Dungeon
  4117 | D:5      | Reached skill level 5 in Long Blades
  4117 | D:5      | Reached skill level 1 in Shields
  4461 | D:5      | Found an iron altar of Okawaru.
  4509 | D:5      | Noticed Ijyb
  4519 | D:5      | Ijyb changed into Ijyb the bat
  4519 | D:5      | Noticed Ijyb
  4523 | D:5      | Killed Ijyb the bat
  4523 | D:5      | Reached *** piety under Qazlal
  4544 | D:5      | Demolished by an ogre

Illustrated notes

Levels and vault maps discovered:
D:1:      amcnicky_arrival_gap_in_the_tavern_cellar, layout_rooms,
          ebering_ecumenical_altar_rust, chequers_serial_rivers_large_b
D:2:      layout_loops_ring, basic_altar, minmay_misc_feat_roman,
          chequers_avenue, uniq_natasha, uniq_crazy_yiuf_cottage
D:3:      layout_loops_corners, serial_glass, glass_columns_c, glass_columns_c,
          glass_columns_b, glass_columns_c, feat_on_display
D:4:      layout_rooms
D:5:      layout_rooms, mainiacjoe_overflow_tiny_flanked, serial_bayou,
          serial_bayou_crossing, serial_bayou_lagoon_a, serial_bayou_shore_a,
          serial_bayou_lake_a, uniq_ijyb

Skill      XL: |  1  2  3  4  5  6  7 |
---------------+----------------------+-----
Fighting       | 2 3 4 |  4.8
Long Blades    | 2 3 4 5 |  5.2
Dodging        | 2 |  2.1
Shields        | 1 |  1.1
Throwing       | |  0.8
Armour         | |  0.7
Spellcasting   | |  2.5
Translocations | |  3.6

Action                     |  1- 3 |  4- 6 |  7- 9 || total
---------------------------+-------+-------+-------++-------
  Melee: Falchion          |    80 |   199 |    91 ||   370
         Bite              |    14 |    58 |    28 ||   100
         Punch             |     1 |     2 |     2 ||     5
  Throw: Boomerang         |     2 |     5 |       ||     7
         Dart              |       |       |     1 ||     1
   Cast: Blink             |     1 |     4 |       ||     5
  Evoke: Wand              |       |       |     1 ||     1
    Use: Scroll            |     1 |       |       ||     1
 Armour: Leather armour    |    18 |     6 |    12 ||    36
         Ring mail         |       |    68 |    12 ||    80
  Dodge: Dodged            |    61 |   121 |    66 ||   248
  Block: Other             |     3 |    21 |    14 ||    38
